 Dungeon Crawl Stone Soup version 0.23.2-1-ga50397a6bc (webtiles) character file.

Game seed: 7925175293791749616

155 Peloso the Shield-Bearer (level 5, -2/47 HPs)
             Began as a Minotaur Fighter on May 31, 2019.
             Blown up by Ijyb (7 damage)
             ... with a wand of disintegration (7)
             ... on level 3 of the Dungeon.
             The game lasted 00:05:06 (2268 turns).

Peloso the Shield-Bearer (Minotaur Fighter)         Turns: 2268, Time: 00:05:07

Health: -2/47      AC:  9    Str: 20    XL:     5   Next: 14%
Magic:  4/4        EV:  6    Int:  5    God:
Gold:   68         SH: 10    Dex: 11    Spells: 4/4 levels left

rFire    . . .     SeeInvis .   a - +0 long sword
rCold    . . .     Gourm    .   c - +0 shield
rNeg     + . .     Faith    .   r - +0 chain mail
rPois    .         Spirit   .   (helmet restricted)
rElec    .         Reflect  .   (no cloak)
rCorr    .         Harm     .   (no gloves)
MR       .....                  (no boots)
Stlth    ..........             (no amulet)
HPRegen  0.15/turn              o - ring of positive energy
MPRegen  0.09/turn              (no ring)

@: no status effects
A: retaliatory headbutt, horns 2
a: no special abilities


You were on level 3 of the Dungeon.
You were not hungry.

You visited 1 branch of the dungeon, and saw 3 of its levels.

You collected 68 gold pieces.

Inventory:

Hand Weapons
 a - a +0 long sword (weapon)
Armour
 b - a +0 scale mail
 c - a +0 shield (worn)
 r - a +0 chain mail (worn)
Jewellery
 o - a ring of positive energy (left hand)
Scrolls
 e - 2 scrolls of teleportation {unknown}
 g - a scroll of fear {unknown}
 h - 2 scrolls of remove curse {unknown}
 i - a scroll of immolation {unknown}
 k - 2 scrolls of magic mapping {unknown}
 l - a scroll of random uselessness {unknown}
 m - a scroll of identify {unknown}
 n - a scroll of noise {unknown}
 p - a scroll of enchant armour {unknown}
 q - a scroll of blinking {unknown}
Potions
 d - a potion of might
 j - a potion of curing {unknown}
 s - a potion of resistance {unknown}
Comestibles
 f - 5 rations
 t - 4 chunks of flesh


   Skills:
 + Level 4.7 Fighting
 + Level 4.0 Long Blades
 + Level 4.1 Armour
 + Level 0.8 Dodging
 + Level 4.9 Shields


You had 4 spell levels left.
You didn't know any spells.
Your spell library contained the following spells:

 Spells                   Type           Power        Failure   Level  Hunger
 Corona                   Hex            #......      100%        1    ##.....
 Ensorcelled Hibernation  Hex/Ice        #.....       100%        2    ###....
 Confuse                  Hex            #.......     100%        3    ####...
 Dazzling Spray           Conj/Hex       #.....       100%        3    ####...
 Tukima's Dance           Hex            #.......     100%        3    ####...


Dungeon Overview and Level Annotations

Branches:
Dungeon (3/15)

Altars:
Ru

Annotations:
D:3 Ijyb


Innate Abilities, Weirdness & Mutations

You reflexively headbutt those who attack you in melee.
You have a pair of horns on your head.


Message History

Ijyb is severely wounded.
You block Ijyb's attack.
Your shield and chain mail prevent you from hitting Ijyb.
Ijyb is severely wounded.
You block Ijyb's attack.
You closely miss Ijyb.
Ijyb is severely wounded.
Ijyb hits you but does no damage.
You hit Ijyb.
Ijyb is almost dead.
Ijyb hits you but does no damage. Ijyb barely misses you.
Your shield and chain mail prevent you from hitting Ijyb.
You headbutt Ijyb, but do no damage.
Ijyb is almost dead.
Ijyb hits you with a +0 dagger.
* * * LOW HITPOINT WARNING * * *
You hit Ijyb but do no damage. You headbutt Ijyb, but do no damage.
Ijyb is almost dead.
Ijyb zaps a wand.
You are blasted!
You die...

##### #############
#≈≈#%%?#....(..'...#
#≈≈#...'.@..(..(...#
#≈≈#####g......#...#
#≈≈...##########)..#
#≈≈...#............#
#≈≈...#............#
#≈≈..##'##.....##'##
#≈≈..#...#.....#...#
#≈≈..#...#.....#...#
#≈≈.)#...#.))..#.(.#


You could see Ijyb.

Vanquished Creatures
  An orc wizard (D:3)
  A worker ant (D:2)
  2 adders (D:3)
  A dart slug (D:1)
  A worm (D:3)
  A leopard gecko (D:2)
  2 orcs (D:3)
  3 giant cockroaches
  18 goblins
  15 hobgoblins
  6 jackals
  7 kobolds
  2 bats (D:2)
  7 frilled lizards
  8 rats
75 creatures vanquished.

Notes
Turn   | Place    | Note
-------+----------+-------------------------------------------
     0 | D:1      | Peloso the Minotaur Fighter began the quest for the Orb.
     0 | D:1      | Reached XP level 1. HP: 19/19 MP: 0/0
   110 | D:1      | Reached XP level 2. HP: 27/27 MP: 1/1
   434 | D:1      | Reached XP level 3. HP: 31/34 MP: 2/2
   879 | D:2      | Found a sacrificial altar of Ru.
   988 | D:2      | Reached XP level 4. HP: 26/41 MP: 3/3
  1900 | D:3      | Reached XP level 5. HP: 41/47 MP: 4/4
  2228 | D:3      | Noticed Ijyb
  2268 | D:3      | Blown up by Ijyb

Skill      XL: |  1  2  3  4  5 |
---------------+----------------+-----
Fighting       | 4 |  4.7
Long Blades    | 3 4 |  4.0
Shields        | 4 |  4.9
Armour         | 4 |  4.1
Dodging        | |  0.8

Action                   |  1- 3 |  4- 6 || total
-------------------------+-------+-------++-------
Melee: Long sword        |   102 |   114 ||   216
       Headbutt          |    17 |    18 ||    35
  Use: Potion            |       |     1 ||     1
  Eat: Chunk             |       |     5 ||     5
Armor: Scale mail        |    40 |    37 ||    77
       Chain mail        |       |    13 ||    13
Dodge: Dodged            |    30 |    21 ||    51
Block: Shield            |    48 |    56 ||   104
       Rpst.: Long sword |    11 |     5 ||    16
